 Dungeon Crawl Stone Soup version 0.25-a0-294-gea9b1ad378 (webtiles) character file.

Game seed: 7694778032222627672, levelgen mode: deterministic

26 Redear the Ducker (level 3, -1/26 HPs)
             Began as an Octopode Fighter on Dec 18, 2019.
             Slain by a goblin
             ... wielding a +0 dagger
              (5 damage)
             ... on level 1 of the Dungeon.
             The game lasted 00:00:38 (455 turns).

Redear the Ducker (Octopode Fighter)                 Turns: 455, Time: 00:00:38

Health: -1/26      AC:  1    Str: 15    XL:     3   Next: 8%
Magic:  3/3        EV: 12    Int: 10    God:
Gold:   32         SH:  8    Dex: 12    Spells: 2/2 levels left

rFire    . . .     SeeInvis .   a - +0 long sword
rCold    . . .     Gourm    .   b - +0 shield
rNeg     . . .     Faith    .   (helmet restricted)
rPois    .         Spirit   .   (no amulet)
rElec    .         Reflect  .   (no ring)
rCorr    .         Harm     .   (no ring)
MR       .....                  (no ring)
Stlth    +++.......             (no ring)
HPRegen  0.08/turn              (no ring)
MPRegen  0.08/turn              (no ring)
                                (no ring)
                                (no ring)

@: no status effects
A: almost no armour, stealthy swim, amphibious, 8 rings, constrict 8, camouflage
1, gelatinous body 1
a: no special abilities


You were on level 1 of the Dungeon.
You were not hungry.

You visited 1 branch of the dungeon, and saw 1 of its levels.

You collected 32 gold pieces.

Inventory:

Hand Weapons
 a - a +0 long sword (weapon)
Armour
 b - a +0 shield (worn)
Scrolls
 d - a scroll of enchant armour {unknown}
 e - 4 scrolls of remove curse {unknown}
Potions
 c - a potion of might {Str+5 DMG+1d10 | @q3}
 f - a potion of lignification {unknown}
Comestibles
 z - 3 rations


   Skills:
 + Level 3.2 Fighting
 + Level 2.3 Long Blades
 + Level 3.2 Dodging
 + Level 1.5 Stealth
 + Level 3.2 Shields


You had 2 spell levels left.
You didn't know any spells.
Your spell library was empty.

Dungeon Overview and Level Annotations

Branches:
Dungeon (1/15)

Altars:


Innate Abilities, Weirdness & Mutations

You cannot wear most types of armour.
You are very stealthy in the water. (Stealth+)
You are amphibious.
You can wear up to eight rings at the same time.
You can use your tentacles to constrict eight enemies at once.
Your skin changes colour to match your surroundings (Stealth+).
Your rubbery body absorbs attacks. (AC +1, EV +1)


Message History

You kill the gnoll!
You have reached level 3!
Your experience leads to an increase in your attributes!
Increase (S)trength, (I)ntelligence, or (D)exterity?
You feel agile. The goblin misses you.
MP restored: 3 You closely miss the goblin.
Your grab misses the goblin. The goblin closely misses you.
You riposte.
You slash the goblin!
You kill the goblin!
You hit the goblin but do no damage. Your grab misses the goblin.
A leopard gecko comes into view.
You block the goblin's attack.
You closely miss the goblin.
The leopard gecko hisses angrily.
Your grab misses the goblin. The goblin barely misses you.
You riposte.
Your shield prevents you from hitting the goblin.
Your grab misses the goblin. Your squeeze misses the goblin.
The goblin hits you with a +0 dagger.
You die...

...##.#####......#.........
.........##......###.......
.PPP.....##....l...........
≈P≈.....##......# #.......
♣≈P....##......# #.>..... P.
♣♣P....?.......# #.......
#P≈P♣ ♣P≈....##......#
#....... #≈≈≈P
♣♣≈....##g.....# #....###
#≈P≈♣♣♣♣≈P....@####### ####.#
#.≈≈≈♣P≈≈≈P....# #.#
#.≈P≈≈≈≈.##....# #.#
.#PPPP.###....############.###
###.#.# #.>..................
#.###...#
#....###..#######....
#.....#####....#
#..#######.##.
#####..........#
#..#..........
#.#######..###..#.....#.##.


You could see a leopard gecko and a goblin.

Vanquished Creatures
  A gnoll (D:1)
  A leopard gecko (D:1)
  2 bats (D:1)
  3 giant cockroaches (D:1)
  A hobgoblin (D:1)
  A kobold (D:1)
  A frilled lizard (D:1)
  2 goblins (D:1)
  3 rats (D:1)
15 creatures vanquished.

Notes
Turn   | Place    | Note
-------+----------+-------------------------------------------
     0 | D:1      | Redear the Octopode Fighter began the quest for the Orb.
     0 | D:1      | Reached XP level 1. HP: 16/16 MP: 1/1
   143 | D:1      | Reached XP level 2. HP: 17/21 MP: 2/2
   286 | D:1      | Reached skill level 1 in Stealth
   452 | D:1      | Reached XP level 3. HP: 4/26 MP: 3/3
   455 | D:1      | Slain by a goblin

Levels and vault maps discovered:
D:1:      dpeg_arrival_leaves_temple_mockup, layout_basic, serial_bayou_pond_c,
          hangedman_abyss_or_decor_stabs

Skill      XL: |  1  2 |
---------------+-------+-----
Stealth        | 1 |  1.5
Fighting       | |  3.2
Long Blades    | |  2.3
Dodging        | |  3.2
Shields        | |  3.2

Action                   || total
-------------------------++-------
Melee: Long sword        ||    28
       Constrict         ||    11
       Tentacles         ||     4
 Stab: Sleeping          ||     2
Armor: Skin              ||     3
Dodge: Dodged            ||    14
Block: Shield            ||     8
       Rpst.: Long sword ||     8

Table legend:
 A = Non-vault XP
 B = Vault XP
 C = Vault XP percentage of total XP
 D = Non-vault monster count
 E = Vault monster count
 F = Vault count percentage of total count
                 A         B        C        D         E       F
            +---------+---------+-------+---------+---------+-------
      Total |      38 |       0 |   0.0 |      15 |       0 |   0.0
            +---------+---------+-------+---------+---------+-------
        D:1 |      38 |       0 |   0.0 |      15 |       0 |   0.0
            +---------+---------+-------+---------+---------+-------
